[Event "France Jeunes Belfort 2017"]
[Site "Belfort"]
[Date "2017.04.21"]
[Round "7.1"]
[White "Meillon, Judicael"]
[Black "Candelot, Clement"]
[Result "1/2-1/2"]
[ECO "C30"]
[WhiteElo "1884"]
[BlackElo "1839"]
[PlyCount "59"]
[EventDate "2017.??.??"]
[TimeControl "6000+540"]
[WhiteClock "0:26:16"]
[BlackClock "0:30:55"]

1. e4 e5 2. f4 Bc5 3. Nf3 d6 4. Nc3 Bg4 5. h3 Bxf3 6. Qxf3 a6 7. d3 Nc6 8. Be3
Bxe3 9. Qxe3 Nge7 10. O-O-O Nd4 11. Ne2 c5 12. Nxd4 cxd4 13. Qg3 Qa5 14. Kb1
Rg8 15. Be2 Qb5 16. Rhf1 a5 17. fxe5 dxe5 18. Qe1 Ra6 19. c4 Qc5 20. Rc1 Rb6
21. Bd1 Ng6 22. g3 Ke7 23. Ba4 Rc8 24. Bb5 Qb4 25. Qxb4+ axb4 26. Ba4 Nf8 27.
c5 Rf6 28. Rxf6 gxf6 29. c6 bxc6 30. Rxc6 1/2-1/2

[Event "France Jeunes Belfort 2017"]
[Site "Belfort"]
[Date "2017.04.21"]
[Round "7.1"]
[White "Retailleau, Elise"]
[Black "Bruneau, Maylis"]
[Result "1-0"]
[ECO "B24"]
[WhiteElo "1946"]
[BlackElo "1794"]
[PlyCount "33"]
[EventDate "2017.??.??"]
[TimeControl "6000+820"]
[WhiteClock "0:41:21"]
[BlackClock "0:30:46"]

1. e4 c5 2. Nc3 Nc6 3. Bb5 g6 4. Bxc6 dxc6 5. d3 Bg7 6. Be3 b6 7. Qd2 Nf6 8. h3
O-O 9. f4 Qc7 10. Nf3 Ba6 11. O-O Rad8 12. f5 e5 13. Qf2 Qe7 14. b3 Bc8 15. Qh4
gxf5 16. Bh6 Rd6 17. Qg5 1-0

[Event "France Jeunes Belfort 2017"]
[Site "Belfort"]
[Date "2017.04.21"]
[Round "7.1"]
[White "Rubsamen, Anais"]
[Black "Rozec, Mialy"]
[Result "1-0"]
[ECO "A04"]
[WhiteElo "1610"]
[BlackElo "1289"]
[PlyCount "63"]
[EventDate "2017.??.??"]
[TimeControl "6000+895"]
[WhiteClock "0:24:35"]
[BlackClock "0:00:33"]

1. Nf3 g6 2. c4 Bg7 3. g3 c6 4. d4 c5 5. Bg2 d6 6. O-O Nd7 7. Nc3 a6 8. b3 cxd4
9. Nxd4 Ngf6 10. Bb2 O-O 11. Qc2 Ng4 12. Nf3 Nb6 13. Rad1 Qc7 14. e4 e5 15. Ba3
Rd8 16. Rd2 Bh6 17. Rd3 f5 18. Qd1 fxe4 19. Nxe4 Bf5 20. Nh4 Bf8 21. Nxf5 gxf5
22. Bxd6 Qd7 23. Nc5 Qf7 24. Nxb7 Bxd6 25. Nxd8 Rxd8 26. Rxd6 Rb8 27. Rd8+ Rxd8
28. Qxd8+ Kg7 29. Qxb6 Qh5 30. Qb7+ Kg6 31. Qxa6+ Kg5 32. h4+ 1-0

[Event "France Jeunes Belfort 2017"]
[Site "Belfort"]
[Date "2017.04.20"]
[Round "7.1"]
[White "Saliou, Sarah"]
[Black "Vernet, Solene"]
[Result "1/2-1/2"]
[ECO "A20"]
[WhiteElo "1684"]
[BlackElo "1863"]
[PlyCount "112"]
[EventDate "2017.??.??"]
[TimeControl "6000+1205"]
[WhiteClock "0:01:29"]
[BlackClock "0:32:03"]

1. c4 e5 2. g3 c5 3. Bg2 Nc6 4. Nc3 g6 5. d3 Bg7 6. Qd2 Nge7 7. b3 d6 8. Bb2
Be6 9. e3 Rb8 10. Nge2 O-O 11. O-O a6 12. Nd5 b5 13. f4 f5 14. Ba3 e4 15. Nxe7+
Nxe7 16. Rad1 b4 17. Bb2 exd3 18. Nc1 d5 19. Bxg7 Kxg7 20. Qb2+ Kg8 21. Rxd3
Rb6 22. Rfd1 Rd6 23. Qd2 Qc7 24. cxd5 Bf7 25. g4 Rfd8 26. gxf5 gxf5 27. e4 fxe4
28. Bxe4 Qd7 29. Qg2+ Bg6 30. Rf1 Rf8 31. Rdf3 Rdf6 32. Nd3 Kh8 33. Ne5 Qd6 34.
Bxg6 Nxg6 35. Nxg6+ Rxg6 36. Rg3 Rxf4 37. Rxg6 Rxf1+ 38. Kxf1 hxg6 39. Kg1 Qf6
40. Qh3+ Kg7 41. Qd7+ Kh6 42. Qh3+ Kg5 43. Qe3+ Kf5 44. Qe2 Qd4+ 45. Kf1 Qxd5
46. Qxa6 Qh1+ 47. Ke2 Qxh2+ 48. Ke3 Qf4+ 49. Ke2 Kg4 50. Qxg6+ Kh4 51. Qh7+ Kg4
52. Qg6+ Kh4 53. Qh7+ Kg4 54. Qg7+ Kh5 55. Qg2 Qe5+ 56. Kf2 Qc3 {Kf3 Qe5 Kf2}
1/2-1/2

[Event "France Jeunes Belfort 2017"]
[Site "Belfort"]
[Date "2017.04.21"]
[Round "7.1"]
[White "Sumarriva Paulin, Laura"]
[Black "Amr-Tardif, Corail"]
[Result "1-0"]
[ECO "D10"]
[WhiteElo "1521"]
[BlackElo "1474"]
[PlyCount "144"]
[EventDate "2017.??.??"]
[TimeControl "6000+870"]
[WhiteClock "0:04:17"]
[BlackClock "0:01:14"]

1. d4 d5 2. c4 c6 3. cxd5 cxd5 4. Bf4 Nc6 5. e3 Bf5 6. Nc3 e6 7. Qb3 Bb4 8. a3
Bxc3+ 9. bxc3 Qd7 10. Nf3 a6 11. Be2 Nf6 12. O-O O-O 13. h3 Ne4 14. Rfd1 Qe7
15. Nd2 Rfd8 16. f3 Nxd2 17. Rxd2 Rd7 18. Rad1 Rc8 19. Rc1 Na5 20. Qa4 Nc4 21.
Bxc4 Rxc4 22. Qa5 Rd8 23. Rb2 Rdc8 24. Kh2 R8c6 25. Bg3 h6 26. Be1 b5 27. Rb4
Qc7+ 28. Qxc7 Rxc7 29. Rxc4 Rxc4 30. Bd2 Kf8 31. g4 Bd3 32. Kg3 Ke7 33. h4 Ra4
34. Ra1 Rc4 35. Kf4 f6 36. e4 dxe4 37. fxe4 Kd6 38. Ke3 Bc2 39. Rc1 Bb3 40. Rb1
Ba4 41. Rb4 Bd1 42. Kf4 g5+ 43. hxg5 hxg5+ 44. Kg3 Kc6 45. Rb1 Bc2 46. Rf1 Bxe4
47. Rxf6 Kd6 48. Rf1 a5 49. Rc1 Ra4 50. Ra1 Kd5 51. Bxg5 b4 52. cxb4 axb4 53.
Bd2 bxa3 54. Bc1 a2 55. Bb2 Kc4 56. Re1 Bd5 57. g5 Kb3 58. Ba1 Ra8 59. Kg4 Kc4
60. g6 Rb8 61. Re2 Kd3 62. Rb2 Rc8 63. Kg5 Rc1 64. g7 Rxa1 65. Rg2 Bxg2 66.
g8=Q Rb1 67. Qh7+ Be4 68. Qh3+ Kxd4 69. Qh8+ Kc4 70. Qc8+ Kd4 71. Qh8+ e5 72.
Qd8+ Bd5 1-0

[Event "France Jeunes Belfort 2017"]
[Site "Belfort"]
[Date "2017.04.21"]
[Round "7.1"]
[White "Tahay, Alexis"]
[Black "Kambrath, Yannick"]
[Result "1-0"]
[ECO "B92"]
[WhiteElo "2239"]
[BlackElo "2341"]
[PlyCount "105"]
[EventDate "2017.??.??"]
[TimeControl "6000+925"]
[WhiteClock "0:08:11"]
[BlackClock "0:04:30"]

1. e4 c5 2. Nf3 d6 3. d4 cxd4 4. Nxd4 Nf6 5. Nc3 a6 6. Be2 e5 7. Nb3 Be7 8. Qd3
O-O 9. O-O Be6 10. Qg3 Re8 11. f4 Qc7 12. f5 Bc4 13. Bxc4 Qxc4 14. Bg5 Nbd7 15.
Rad1 b5 16. a3 a5 17. Qd3 Reb8 18. Nd2 Qxd3 19. cxd3 d5 20. Bxf6 Nxf6 21. Nxd5
Nxd5 22. exd5 Bc5+ 23. Kh1 Bd4 24. b3 Rd8 25. f6 Rxd5 26. fxg7 Rc8 27. Rf3 Kxg7
28. Rdf1 Rf8 29. Ne4 f5 30. Rxf5 Rxf5 31. Rxf5 Bb2 32. h4 Rxd3 33. Nc5 Rd5 34.
Ne6+ Kg6 35. g4 h5 36. Nf4+ exf4 37. Rxd5 hxg4 38. Rxb5 Bf6 39. h5+ Kg7 40. Rf5
f3 41. Rf4 Be7 42. Rxg4+ Kh6 43. Ra4 Kxh5 44. Rxa5+ Kg4 45. Kg1 Kf4 46. Kf1 Bd6
47. b4 Ke4 48. Ra6 Bg3 49. b5 Kd5 50. a4 Kc5 51. Rc6+ Kb4 52. b6 Ka5 53. b7 1-0

[Event "France Jeunes Belfort 2017"]
[Site "Belfort"]
[Date "2017.04.21"]
[Round "7.1"]
[White "Viel, Simon"]
[Black "Travadon, Loic"]
[Result "0-1"]
[ECO "B89"]
[WhiteElo "2220"]
[BlackElo "2348"]
[PlyCount "70"]
[EventDate "2017.??.??"]
[TimeControl "6000+1420"]
[WhiteClock "0:06:25"]
[BlackClock "0:38:26"]

1. e4 c5 2. Nf3 d6 3. d4 Nf6 4. Nc3 cxd4 5. Nxd4 Nc6 6. Bc4 e6 7. Be3 a6 8. Qe2
Qc7 9. O-O-O Bd7 10. Bb3 b5 11. f3 b4 12. Nb1 Be7 13. g4 Nxd4 14. Bxd4 Bb5 15.
Qg2 O-O 16. g5 Nh5 17. Qg4 g6 18. f4 Bd7 19. Qf3 a5 20. c3 a4 21. Bc2 e5 22.
Be3 exf4 23. Bxf4 a3 24. b3 Nxf4 25. Qxf4 bxc3 26. h4 f6 27. Qg3 fxg5 28. hxg5
Ra5 29. Nxc3 Rc8 30. Qh2 Bxg5+ 31. Kb1 h6 32. Nd5 Rxd5 33. exd5 Qc3 34. Bxg6
Bf6 35. Bh7+ Kh8 0-1

[Event "France Jeunes Belfort 2017"]
[Site "Belfort"]
[Date "2017.04.21"]
[Round "7.2"]
[White "Bellahcene, Sofia"]
[Black "Marcellier, Lucie"]
[Result "1-0"]
[ECO "C23"]
[WhiteElo "1699"]
[BlackElo "1557"]
[PlyCount "87"]
[EventDate "2017.??.??"]
[TimeControl "6000+680"]
[WhiteClock "0:37:30"]
[BlackClock "0:04:09"]

1. e4 e5 2. Bc4 c6 3. Nf3 d5 4. exd5 cxd5 5. Bb5+ Bd7 6. Bxd7+ Nxd7 7. d4 e4 8.
Nfd2 Ngf6 9. Nc3 a6 10. a3 Bd6 11. O-O O-O 12. Re1 Nb6 13. f3 Qc7 14. Nf1 Rac8
15. Bg5 Nfd7 16. fxe4 f6 17. Bh4 dxe4 18. Nxe4 Be7 19. c3 Nc4 20. Ned2 Ndb6 21.
Qb3 Rfe8 22. Ne3 Kh8 23. Nexc4 Nxc4 24. Nxc4 Qxc4 25. Qxc4 Rxc4 26. Bg3 Kg8 27.
Re6 Kf7 28. Rb6 Bd8 29. Rxb7+ Kg6 30. Re1 Rxe1+ 31. Bxe1 Kh6 32. Bg3 f5 33. Rd7
Bf6 34. Rd6 Ra4 35. Be5 Kg5 36. Bxf6+ gxf6 37. Kf2 h5 38. Kf3 h4 39. h3 f4 40.
Rd5+ f5 41. Rd8 Rc4 42. Rg8+ Kf6 43. Kxf4 Ra4 44. Rf8+ 1-0

[Event "France Jeunes Belfort 2017"]
[Site "Belfort"]
[Date "2017.04.21"]
[Round "7.2"]
[White "De Talance, Berenice"]
[Black "Djidjeli, Sarah"]
[Result "0-1"]
[ECO "D36"]
[WhiteElo "1757"]
[BlackElo "1934"]
[PlyCount "64"]
[EventDate "2017.??.??"]
[TimeControl "6000+1570"]
[WhiteClock "0:02:00"]
[BlackClock "0:34:14"]

1. c4 e6 2. d4 d5 3. cxd5 exd5 4. Nc3 c6 5. Qc2 Nf6 6. Bg5 Be7 7. Nf3 h6 8. Bh4
Nbd7 9. e3 O-O 10. Bd3 c5 11. h3 a6 12. Ne5 cxd4 13. exd4 Nxe5 14. dxe5 Nd7 15.
Bg3 d4 16. Ne4 Qa5+ 17. Nd2 Bb4 18. a3 Nxe5 19. O-O-O Nxd3+ 20. Qxd3 Bf5 21.
Ne4 Qd5 22. f3 Rfc8+ 23. Kb1 Be6 24. b3 Bxa3 25. Ka2 Qa5 26. Ra1 Bb4+ 27. Kb1
Qb6 28. Be1 Bxe1 29. Rxe1 Bxb3 30. Qd2 Bc2+ 31. Kc1 Bxe4+ 32. Kd1 Qb3+ 0-1

[Event "France Jeunes Belfort 2017"]
[Site "Belfort"]
[Date "2017.04.21"]
[Round "7.2"]
[White "Emmenecker, Pierre-Antoine"]
[Black "Roux, Baptiste"]
[Result "1/2-1/2"]
[ECO "B22"]
[WhiteElo "1737"]
[BlackElo "1934"]
[PlyCount "138"]
[EventDate "2017.??.??"]
[TimeControl "6000+1025"]
[WhiteClock "0:02:29"]
[BlackClock "0:23:43"]

1. e4 c5 2. c3 Nf6 3. e5 Nd5 4. d4 cxd4 5. Qxd4 e6 6. Nf3 Nc6 7. Qe4 d6 8. Bb5
Bd7 9. c4 Nb6 10. Nc3 a6 11. Bg5 Qc7 12. exd6 Bxd6 13. O-O-O h6 14. Be3 Bb4 15.
Bxc6 Bxc6 16. Qd4 Bxc3 17. Qxc3 O-O 18. Qe5 Qxe5 19. Nxe5 Na4 20. Nxc6 bxc6 21.
Rd6 Rfc8 22. Kc2 Rab8 23. b3 Nb6 24. Bc5 Rb7 25. Rhd1 Rcc7 26. Bxb6 Rxb6 27.
Rd8+ Kh7 28. R8d7 Rbb7 29. Rxc7 Rxc7 30. Rd8 g5 31. Ra8 f5 32. Re8 h5 33. Rxe6
f4 34. Kd3 Kg7 35. Rd6 a5 36. Kd4 Re7 37. Kd3 Rc7 38. Rd8 a4 39. b4 a3 40. Rd6
Rb7 41. Kc3 Re7 42. Kd2 Rb7 43. Kc3 Re7 44. b5 cxb5 45. cxb5 Re2 46. Rd2 Re1
47. Kb3 Rb1+ 48. Kxa3 Rxb5 49. Ka4 Rb1 50. Ka5 Kf6 51. a4 h4 52. f3 h3 53. gxh3
Rf1 54. Kb6 Rxf3 55. Ra2 Rxh3 56. a5 Kf5 57. a6 g4 58. a7 Rh8 59. Kc5 g3 60.
hxg3 fxg3 61. a8=Q Rxa8 62. Rxa8 Ke4 63. Ra2 Kf3 64. Kd4 g2 65. Ra1 Kf2 66.
Ra2+ Kf3 67. Ra3+ Kf2 68. Ra2+ Kf3 69. Rxg2 Kxg2 1/2-1/2

[Event "France Jeunes Belfort 2017"]
[Site "Belfort"]
[Date "2017.04.21"]
[Round "7.2"]
[White "Gatineau, Yovann"]
[Black "Coiffait, Pierre-Basile"]
[Result "1/2-1/2"]
[ECO "A47"]
[WhiteElo "2214"]
[BlackElo "2193"]
[PlyCount "61"]
[EventDate "2017.??.??"]
[TimeControl "6000+1065"]
[WhiteClock "0:12:36"]
[BlackClock "0:14:52"]

1. d4 Nf6 2. Nf3 b6 3. Bf4 e6 4. e3 c5 5. c3 Bb7 6. Nbd2 cxd4 7. exd4 Be7 8.
Bd3 O-O 9. h3 Re8 10. O-O d6 11. Re1 Nbd7 12. Qc2 Nf8 13. a4 a6 14. Rac1 Rc8
15. Qb3 Ng6 16. Bh2 Nd5 17. Be4 Ba8 18. Bd3 Bb7 19. Be4 Ba8 20. Qc2 Nf6 21. Bd3
Bb7 22. Qb1 Nd5 23. Be4 Ba8 24. Qd3 Bb7 25. Qf1 Qd7 26. Nc4 Qc7 27. Nfd2 Ndf4
28. Bxb7 Qxb7 29. g3 Nd5 30. Qg2 Qd7 31. Ra1 1/2-1/2

[Event "France Jeunes Belfort 2017"]
[Site "Belfort"]
[Date "2017.04.21"]
[Round "7.2"]
[White "Leriche, Ines"]
[Black "Afraoui, Anaelle"]
[Result "0-1"]
[ECO "A57"]
[WhiteElo "2037"]
[BlackElo "1977"]
[PlyCount "70"]
[EventDate "2017.??.??"]
[TimeControl "6000+730"]
[WhiteClock "0:00:32"]
[BlackClock "0:17:37"]

1. d4 Nf6 2. c4 c5 3. d5 b5 4. Qc2 Qa5+ 5. Nd2 bxc4 6. e4 d6 7. Bxc4 g6 8. Ngf3
Bg7 9. O-O O-O 10. Rb1 Na6 11. a3 Nc7 12. b4 cxb4 13. axb4 Qb6 14. Bb2 Bd7 15.
Bd3 Nb5 16. Nc4 Qb8 17. Qb3 e6 18. Na5 Nc7 19. dxe6 Bxe6 20. Qa4 d5 21. e5 Ne4
22. Rfe1 f6 23. exf6 Bxf6 24. Bxf6 Rxf6 25. Bxe4 dxe4 26. Nd2 Qb6 27. Nxe4 Rf4
28. Qc6 Bd5 29. Qc2 Raf8 30. Nc5 Qf6 31. Nd3 Rg4 32. f3 Bxf3 33. Rf1 Qd4+ 34.
Rf2 Bxg2 35. Qb3+ Bd5+ 0-1

[Event "France Jeunes Belfort 2017"]
[Site "Belfort"]
[Date "2017.04.21"]
[Round "7.2"]
[White "Lomandong, Noela-Joyce"]
[Black "Rollot, Florence"]
[Result "0-1"]
[ECO "A05"]
[WhiteElo "1987"]
[BlackElo "1973"]
[PlyCount "120"]
[EventDate "2017.??.??"]
[TimeControl "6000+1070"]
[WhiteClock "0:01:32"]
[BlackClock "0:00:38"]

1. Nf3 Nf6 2. g3 c5 3. Bg2 g6 4. b3 Bg7 5. Bb2 Nc6 6. O-O O-O 7. c4 Rb8 8. d4
cxd4 9. Nxd4 Qb6 10. Nc2 d6 11. Nc3 Ne5 12. Ne3 Be6 13. Qc2 Rfc8 14. Rad1 a6
15. Qd2 Neg4 16. Nxg4 Nxg4 17. Na4 Qa7 18. Bxg7 Kxg7 19. Nb2 b5 20. Bd5 Qd7 21.
Qd4+ Kg8 22. Nd3 Nf6 23. Bxe6 Qxe6 24. Nf4 Qd7 25. Nd5 Nxd5 26. cxd5 Rc2 27.
Rd2 Rbc8 28. Rfd1 Qf5 29. Kg2 Rxd2 30. Rxd2 Qb1 31. Qb2 Qxb2 32. Rxb2 Rc5 33.
Rd2 Kg7 34. Kf3 Kf6 35. Ke4 Rc1 36. e3 Kg5 37. Kf3 Kf5 38. Rd4 Ke5 39. a4 Rc5
40. Re4+ Kf6 41. Rd4 a5 42. Ke4 Kg5 43. axb5 Rxb5 44. Ra4 Kg4 45. Kd3+ Kg5 46.
Kc4 Rc5+ 47. Kd4 Kf5 48. e4+ Kg4 49. Ra2 Rb5 50. Kc4 Rb4+ 51. Kc3 Rb5 52. Kc4
Rc5+ 53. Kd4 Kf3 54. e5 Rb5 55. Kc4 Rb4+ 56. Kc3 dxe5 57. Rxa5 Rb7 58. Ra2 Ke4
59. Rd2 f5 60. Rd3 Rxb3+ 0-1

[Event "France Jeunes Belfort 2017"]
[Site "Belfort"]
[Date "2017.04.21"]
[Round "7.2"]
[White "O'Sullivan, Thomas"]
[Black "Heliot, Xabi"]
[Result "1-0"]
[ECO "A45"]
[WhiteElo "2223"]
[BlackElo "2081"]
[PlyCount "91"]
[EventDate "2017.??.??"]
[TimeControl "6000+965"]
[WhiteClock "0:02:40"]
[BlackClock "0:02:03"]

1. d4 Nf6 2. Bg5 e6 3. e4 c5 4. d5 h6 5. Bxf6 Qxf6 6. Nc3 a6 7. a4 g6 8. Nf3
Bg7 9. e5 Qf4 10. Qe2 O-O 11. g3 Qb4 12. O-O-O d6 13. Bg2 dxe5 14. Nxe5 exd5
15. Bxd5 Nc6 16. Nxg6 Bg4 17. f3 Rfe8 18. Qd3 Be6 19. Nf4 c4 20. Qe4 Bxd5 21.
Nfxd5 Qc5 22. Qf4 Red8 23. Nf6+ Kh8 24. Nfe4 Qb6 25. Nd6 Ne5 26. Nf5 Ng6 27.
Qxc4 Qf6 28. Nxg7 Qxg7 29. Rxd8+ Rxd8 30. Rd1 Rxd1+ 31. Nxd1 f6 32. Qe4 Ne5 33.
Ne3 Nc6 34. Nf5 Qg6 35. f4 Nd4 36. Qxd4 Qxf5 37. Qd8+ Kg7 38. Qc7+ Kg6 39. Qxb7
Qa5 40. Qe4+ f5 41. Qc6+ Kh7 42. b3 Kg7 43. Kb2 Kh7 44. Qd7+ Kg6 45. Qe6+ Kh7
46. Qe5 1-0

[Event "France Jeunes Belfort 2017"]
[Site "Belfort"]
[Date "2017.04.20"]
[Round "7.2"]
[White "Parlas, Helin"]
[Black "Bureau-Leroyer, Lola"]
[Result "1-0"]
[ECO "C23"]
[WhiteElo "1606"]
[BlackElo "1635"]
[PlyCount "79"]
[EventDate "2017.??.??"]
[TimeControl "6000+720"]
[WhiteClock "0:29:33"]
[BlackClock "0:00:34"]

1. e4 e5 2. Bc4 d6 3. d4 exd4 4. Nf3 Be7 5. Qxd4 Bf6 6. Qe3 Nc6 7. Nc3 Nge7 8.
h4 O-O 9. Bd2 Bg4 10. O-O-O a6 11. Rdg1 b5 12. Be2 Nb4 13. Ng5 Bxe2 14. Nxe2 c5
15. a3 Nbc6 16. f4 b4 17. axb4 cxb4 18. Kb1 Qa5 19. h5 Rab8 20. Qd3 g6 21. hxg6
fxg6 22. Qh3 h5 23. g4 Qa4 24. gxh5 b3 25. Qe6+ Kg7 26. cxb3 Rxb3 27. h6+ Kh8
28. e5 Rxb2+ 29. Kxb2 Rb8+ 30. Kc3 Qa3+ 31. Kc2 Qc5+ 32. Kd3 Qa3+ 33. Nc3 Nb4+
34. Ke2 Rf8 35. exf6 Nf5 36. Nf7+ Kh7 37. Qxf5 Re8+ 38. Kf2 Nd3+ 39. Qxd3 Qc5+
40. Be3 1-0

[Event "France Jeunes Belfort 2017"]
[Site "Belfort"]
[Date "2017.04.21"]
[Round "7.2"]
[White "Zachary, Matheo"]
[Black "Lomandong, Marc-Antoine"]
[Result "1-0"]
[ECO "B06"]
[WhiteElo "2267"]
[BlackElo "2009"]
[PlyCount "71"]
[EventDate "2017.??.??"]
[TimeControl "6000+715"]
[WhiteClock "0:37:41"]
[BlackClock "0:05:36"]

1. e4 g6 2. d4 Bg7 3. Nc3 c6 4. h3 d5 5. Nf3 dxe4 6. Nxe4 Nd7 7. Bd3 Ngf6 8.
Nxf6+ Nxf6 9. O-O O-O 10. Re1 Re8 11. c3 Qb6 12. Qc2 Bd7 13. Bf4 Rad8 14. Nd2
a5 15. Nc4 Qa7 16. a4 Nd5 17. Bg3 c5 18. Ne5 cxd4 19. Nxd7 dxc3 20. bxc3 Bxc3
21. Bb5 Bxa1 22. Rxa1 Nb4 23. Qe4 Nc6 24. Ne5 Rd4 25. Qf3 Nxe5 26. Bxe5 Red8
27. Bxd4 Qxd4 28. Re1 Qb4 29. Rd1 Rd2 30. Rxd2 Qxd2 31. Qxb7 Qe1+ 32. Bf1 e5
33. g3 e4 34. Kg2 e3 35. Qb8+ Kg7 36. Qe5+ 1-0

[Event "France Jeunes Belfort 2017"]
[Site "Belfort"]
[Date "2017.04.21"]
[Round "7.3"]
[White "Bellahcene, Anissa"]
[Black "Fretel, Liza"]
[Result "1-0"]
[ECO "B22"]
[WhiteElo "1806"]
[BlackElo "1801"]
[PlyCount "129"]
[EventDate "2017.??.??"]
[TimeControl "6000+715"]
[WhiteClock "0:05:48"]
[BlackClock "0:08:01"]

1. e4 c5 2. c3 d6 3. d4 Nf6 4. Bd3 Nc6 5. Ne2 e6 6. O-O Be7 7. Kh1 a6 8. Nd2 b6
9. Re1 Ng4 10. Kg1 Bh4 11. Ng3 h5 12. Nf3 Be7 13. Nf1 cxd4 14. cxd4 e5 15. d5
Nb8 16. Bd2 Nd7 17. b4 Bb7 18. Rc1 f5 19. h3 Ngf6 20. Ng5 Nf8 21. Ng3 fxe4 22.
Nf5 Rg8 23. Nxe4 Nxd5 24. Nxe7 Qxe7 25. Qxh5+ g6 26. Qe2 Kd7 27. Bc4 Ne6 28.
Qd3 Ndc7 29. Bb3 Rad8 30. Qg3 Kc8 31. Ng5 Kb8 32. Nxe6 Nxe6 33. Qe3 Ka7 34. a4
Rge8 35. a5 Nd4 36. axb6+ Kb8 37. Rc7 Rd7 38. Rec1 Rc8 39. Rxc8+ Bxc8 40. Bd5
Qd8 41. Bc3 Qxb6 42. Rd1 Bb7 43. Bxb7 Rxb7 44. Bxd4 exd4 45. Qxd4 Qxd4 46. Rxd4
Kc7 47. Kf1 Kc6 48. Ke2 Rb5 49. Kd3 Rd5 50. g4 Rxd4+ 51. Kxd4 Kb5 52. Kc3 d5
53. f4 Kc6 54. Kd4 Kd6 55. f5 g5 56. f6 Ke6 57. f7 Kxf7 58. Kxd5 Ke7 59. Ke5
Kd7 60. Kf5 Kc6 61. Kxg5 Kb5 62. Kf5 Kxb4 63. g5 a5 64. g6 a4 65. g7 1-0

[Event "France Jeunes Belfort 2017"]
[Site "Belfort"]
[Date "2017.04.21"]
[Round "7.3"]
[White "David, Bogdan-Emanuel"]
[Black "Christien, Vincent"]
[Result "1-0"]
[ECO "C50"]
[WhiteElo "2099"]
[BlackElo "1988"]
[PlyCount "111"]
[EventDate "2017.??.??"]
[TimeControl "6000+745"]
[WhiteClock "0:03:07"]
[BlackClock "0:01:30"]

1. e4 e5 2. Nf3 Nc6 3. Bc4 d6 4. d3 h6 5. c3 g6 6. Bb3 Bg7 7. Nbd2 Nge7 8. Nf1
O-O 9. h3 Na5 10. Bc2 c5 11. Ne3 Nac6 12. O-O Be6 13. Bb3 d5 14. Qe2 d4 15.
Bxe6 fxe6 16. Nc2 Qd7 17. c4 Rf7 18. Bd2 a5 19. Na3 b6 20. Nb5 Kh7 21. Nh2 Raf8
22. g3 Na7 23. Nxa7 Qxa7 24. f4 exf4 25. gxf4 Qd7 26. Qg2 e5 27. fxe5 Bxe5 28.
Ng4 Bf4 29. Bxf4 Rxf4 30. Rxf4 Rxf4 31. Rf1 Rxf1+ 32. Qxf1 Ng8 33. Qf4 Qe7 34.
e5 h5 35. Nf2 Nh6 36. Ne4 Nf7 37. Qf6 Qxf6 38. Nxf6+ Kg7 39. Nd7 g5 40. e6 Nd6
41. Nxb6 Kf6 42. Nd7+ Kxe6 43. Nxc5+ Ke5 44. Kf2 Nf5 45. a3 Ne3 46. b4 axb4 47.
axb4 Nd1+ 48. Ke2 Nc3+ 49. Kf3 Na2 50. b5 Nb4 51. b6 Kd6 52. b7 Kc7 53. Ke4 Nc6
54. Ne6+ Kxb7 55. Nxg5 Kc7 56. Ne6+ 1-0

[Event "France Jeunes Belfort 2017"]
[Site "Belfort"]
[Date "2017.04.21"]
[Round "7.3"]
[White "Flick, Antoine"]
[Black "Georges, Thomas"]
[Result "1-0"]
[ECO "E70"]
[WhiteElo "2327"]
[BlackElo "2130"]
[PlyCount "71"]
[EventDate "2017.??.??"]
[TimeControl "6000+810"]
[WhiteClock "0:05:13"]
[BlackClock "0:01:34"]

1. d4 Nf6 2. c4 g6 3. Nc3 Bg7 4. e4 d6 5. Bd3 O-O 6. Nge2 e5 7. d5 Na6 8. O-O
Nc5 9. Bc2 a5 10. f3 Kh8 11. Be3 Ng8 12. Qd2 f5 13. exf5 gxf5 14. f4 e4 15. h3
Nf6 16. Rae1 Bd7 17. b3 Qe8 18. a3 b6 19. Rb1 Qg6 20. Bd4 Rg8 21. Nd1 b5 22.
Ne3 a4 23. b4 Nb3 24. Bxb3 axb3 25. Rxb3 bxc4 26. Rbb1 Rxa3 27. Nc3 Nh5 28.
Nxc4 Qxg2+ 29. Kxg2 Bxd4+ 30. Kh2 Bxc3 31. Qf2 e3 32. Qxe3 Ra2+ 33. Rf2 Rxf2+
34. Qxf2 Bb5 35. Rc1 Bxb4 36. Qb2+ 1-0

[Event "France Jeunes Belfort 2017"]
[Site "Belfort"]
[Date "2017.04.21"]
[Round "7.3"]
[White "Gospodaru, Teodora"]
[Black "Aubert, Estee"]
[Result "0-1"]
[ECO "A44"]
[WhiteElo "1827"]
[BlackElo "1741"]
[PlyCount "124"]
[EventDate "2017.??.??"]
[TimeControl "6000+1150"]
[WhiteClock "0:00:59"]
[BlackClock "0:02:44"]

1. d4 c5 2. d5 e5 3. c4 d6 4. Nc3 g6 5. e4 Bg7 6. Be3 Ne7 7. h3 O-O 8. g4 a6 9.
Qd2 Bd7 10. Bd3 Qa5 11. Nf3 b5 12. Rg1 f6 13. b3 Kf7 14. Rc1 Rh8 15. Be2 b4 16.
Nb1 Qd8 17. Nh2 g5 18. h4 h6 19. Nf1 Ng6 20. h5 Ne7 21. Ng3 a5 22. a3 bxa3 23.
Nxa3 Qb6 24. Rb1 Na6 25. Qc1 Rhb8 26. Bd2 Nb4 27. Nf1 a4 28. bxa4 Rxa4 29. Rg3
Rba8 30. Bd1 R4a7 31. Bxb4 cxb4 32. Nc2 Ra4 33. Rgb3 Qa5 34. Qd2 Rb8 35. Rxb4
Rbxb4 36. Rxb4 Ra2 37. Rb7 Qxd2+ 38. Nxd2 Bc8 39. Rb6 Ra6 40. Rxa6 Bxa6 41. Nb4
Bc8 42. Ba4 Bxg4 43. Nb3 Nc8 44. Na5 Bxh5 45. Bd7 Nb6 46. Be6+ Ke8 47. Nbc6 Bf7
48. Bg4 h5 49. Be2 Kd7 50. Nb8+ Kc8 51. Na6 Bf8 52. Kd2 Be8 53. Kc3 h4 54. Kb4
Bd7 55. Bd1 g4 56. Nc6 Kb7 57. Kb5 Na8 58. c5 Nc7+ 59. Nxc7 Kxc7 60. cxd6+ Bxd6
61. Kc4 h3 62. Kd3 h2 0-1

[Event "France Jeunes Belfort 2017"]
[Site "Belfort"]
[Date "2017.04.21"]
[Round "7.3"]
[White "Imperor, Amelie"]
[Black "Belluire, Beatrice"]
[Result "1-0"]
[ECO "B01"]
[WhiteElo "1820"]
[BlackElo "1786"]
[PlyCount "137"]
[EventDate "2017.??.??"]
[TimeControl "6000+2630"]
[WhiteClock "0:08:35"]
[BlackClock "0:01:32"]

1. e4 d5 2. exd5 Nf6 3. d4 Nxd5 4. c4 Nb6 5. Nf3 Bg4 6. c5 N6d7 7. Bc4 e6 8. h3
Bh5 9. Be3 Nc6 10. Qe2 Be7 11. Nc3 e5 12. d5 Nd4 13. Bxd4 exd4 14. Ne4 O-O 15.
O-O Nxc5 16. Ng3 Bg6 17. Nxd4 c6 18. Ndf5 Re8 19. dxc6 bxc6 20. Nxe7+ Rxe7 21.
Qf3 Qb6 22. b3 Rae8 23. Nf5 Rd7 24. Rae1 Ne6 25. Re5 Rdd8 26. Rfe1 c5 27. h4 h6
28. h5 Bxf5 29. Qxf5 Qd6 30. Bxe6 Rxe6 31. Rxe6 fxe6 32. Qxe6+ Qxe6 33. Rxe6
Rd1+ 34. Kh2 Rd2 35. Ra6 Rxf2 36. Rxa7 Rd2 37. Kh3 Rd4 38. g3 Rd5 39. Kg4 Rg5+
40. Kh4 Rd5 41. a4 Rd4+ 42. Kh3 Rd5 43. Kg4 Rg5+ 44. Kh4 Rd5 45. a5 Rd4+ 46.
Kh3 Rb4 47. Rc7 Rxb3 48. Rxc5 Rb4 49. a6 Ra4 50. Rc6 Kf7 51. Rg6 Kf8 52. Kg2
Ra3 53. Kf2 Kf7 54. Ke2 Kf8 55. Kd2 Kf7 56. Kc2 Ra5 57. g4 Kf8 58. Kb3 Kf7 59.
Kb4 Ra1 60. Kb5 Rb1+ 61. Kc6 Ra1 62. Kb7 Re1 63. Rc6 Rb1+ 64. Kc8 Ra1 65. Rc7+
Ke8 66. a7 Ra2 67. Kb8 Rb2+ 68. Rb7 Rd2 69. a8=Q 1-0

[Event "France Jeunes Belfort 2017"]
[Site "Belfort"]
[Date "2017.04.21"]
[Round "7.3"]
[White "Kern, Nicolas"]
[Black "Viennot, Dylan"]
[Result "1-0"]
[ECO "C01"]
[WhiteElo "2085"]
[BlackElo "2263"]
[PlyCount "95"]
[EventDate "2017.??.??"]
[TimeControl "6000+2025"]
[WhiteClock "0:02:10"]
[BlackClock "0:01:11"]

1. e4 e6 2. d4 d5 3. exd5 exd5 4. Bd3 c5 5. Nf3 c4 6. Be2 Bd6 7. b3 cxb3 8.
axb3 Ne7 9. O-O Nbc6 10. c4 Bf5 11. Nc3 a6 12. Be3 O-O 13. Qd2 Rc8 14. c5 Bc7
15. Ne1 Qd7 16. h3 Bg6 17. Bf3 Bf5 18. Ne2 Ng6 19. Ng3 Be6 20. Be2 Nce7 21. Nd3
Rfe8 22. f4 f6 23. Bf2 Nf5 24. Nh5 Nfh4 25. Kh2 Nxg2 26. Rg1 Bxh3 27. Rxg2 Bxg2
28. Kxg2 Re4 29. Bf3 Rce8 30. Rh1 R8e7 31. Kf1 Qb5 32. Kg1 f5 33. Ne5 Bxe5 34.
dxe5 Qxb3 35. Bxe4 fxe4 36. Ng3 h6 37. Be3 Re8 38. Ne2 Rf8 39. Nc3 Ne7 40. Kf2
Kh7 41. Rb1 Qc4 42. Rxb7 Ng6 43. Nxd5 Nxe5 44. Qd4 Nd3+ 45. Kg3 Qxd4 46. Bxd4
Nxf4 47. Rxg7+ Kh8 48. Nxf4 1-0